 Dungeon Crawl Stone Soup version 0.30-a0-626-gd6a5dd7a1f (webtiles) character file.

Game seed: 9036812176308682870

9162 greasedhog the Carver (level 11, -4/87 HPs)
             Began as a Merfolk Fighter on Jan 11, 2023.
             Was a High Priest of Okawaru.
             Slain by an acid dragon (11 damage)
             ... on level 10 of the Dungeon.
             The game lasted 00:17:47 (7977 turns).

greasedhog the Carver (Merfolk Fighter)             Turns: 7977, Time: 00:17:48

Health: -4/87      AC: -1    Str: 16    XL:     11   Next: 42%
Magic:  15/17      EV: 20    Int:  8    God:    Okawaru [*****.]
Gold:   365        SH:  6    Dex: 18    Spells: 10/10 levels left

rFire   . . .      SeeInvis .    a - +0 falchion (holy)
rCold   . . .      Faith    .    c - +0 buckler
rNeg    . . .      Spirit   .    j - +0 ring mail
rPois   +          Reflect  .    s - +0 helmet
rElec   .          Harm     .    g - +0 cloak
rCorr   .          Rampage  .    (no gloves)
Will    .....                    v - +0 pair of boots
Stlth   ++                       m - amulet of regeneration
HPRegen 1.14/turn                A - ring of poison resistance
MPRegen 0.15/turn                (no ring)

@: heroic, corroded
A: (nimble swimmer 2), mertail
a: Renounce Religion, Heroism, Finesse, Duel


You were on level 10 of the Dungeon.
You worshipped Okawaru.
Okawaru was extremely pleased with you.
You visited 1 branch of the dungeon, and saw 10 of its levels.
You also visited: Bailey.

You collected 515 gold pieces.
You spent 150 gold pieces at shops.

Inventory:

Hand Weapons
 a - a +0 falchion of holy wrath (weapon)
 b - a +0 short sword of venom
Missiles
 q - 2 javelins (quivered)
 w - 2 throwing nets
Armour
 c - a +0 buckler (worn)
 g - a +0 cloak (worn)
 j - a +0 ring mail (worn)
 s - a +0 helmet (worn)
 v - a +0 pair of boots (worn)
Jewellery
 m - an amulet of regeneration (around neck)
 A - a ring of poison resistance (left hand)
 I - an amulet of faith
Wands
 B - a wand of flame (19)
 E - a wand of roots (4)
Scrolls
 e - 2 scrolls of fear
 h - 9 scrolls of teleportation
 i - a scroll of enchant armour {unknown}
 k - 2 scrolls of silence
 n - 2 scrolls of amnesia {unknown}
 o - 6 scrolls of blinking
 p - 3 scrolls of magic mapping
 t - 2 scrolls of poison {unknown}
 u - 3 scrolls of fog
 x - a scroll of enchant weapon {unknown}
 D - 3 scrolls of brand weapon
 F - a scroll of vulnerability {unknown}
 H - a scroll of immolation {unknown}
Potions
 d - 2 potions of might
 f - 2 potions of brilliance
 l - 4 potions of mutation {unknown}
 r - 2 potions of degeneration {unknown}
 y - a potion of haste
 z - 2 potions of heal wounds {unknown}
 C - a potion of magic {unknown}
 G - 7 potions of ambrosia


   Skills:
 * Level 8.6(13.6) Fighting
 * Level 13.1(18.1) Long Blades
 - Level 2.1(7.1) Armour
 - Level 11.6(16.6) Dodging
 - Level 3.0(8.0) Shields
 + Level 8.2 Invocations


You had 10 spell levels left.
You didn't know any spells.
Your spell library contained the following spells:

 Spells                   Type           Power      Damage    Failure   Level
 Magic Dart               Conj           0%         1d3       67%         1
 Frozen Ramparts          Ice            0%         1d1       95%         3
 Hailstorm                Conj/Ice       0%         3d3       95%         3
 Mephitic Cloud           Conj/Pois/Air  0%         N/A       95%         3
 Ice Form                 Ice/Tmut       0%         N/A       100%        4
 Passage of Golubria      Tloc           0%         N/A       100%        4
 Silence                  Hex/Air        0%         N/A       100%        5
 Eringya's Noxious Bog    Tmut/Pois      0%         N/A       100%        6
 Lehudib's Crystal Spear  Conj/Erth      0%         10d2      100%        8
 Call Imp                 Summ           Unusable   N/A       N/A         2
 Summon Ice Beast         Ice/Summ       Unusable   N/A       N/A         4
 Summon Forest            Summ/Tloc      Unusable   N/A       N/A         5
 Simulacrum               Ice/Necr       Unusable   N/A       N/A         6
 Summon Hydra             Summ           Unusable   N/A       N/A         7

Dungeon Overview and Level Annotations

Branches:
Dungeon (10/15)            Temple (0/1) D:6            Lair (0/5) D:8
 Bailey (visited)
    Orc: D:9-12

Altars:
Gozag
Kikubaaqudgha
Okawaru
Ru
Sif Muna
Trog
Uskayaw
Wu Jian
Xom
Yredelemnul

Shops:
D:2 *   D:4 (

Annotations:
D:1 1 runed translucent door
D:3 3 runed translucent doors, greasedhog's ghost, amateur AtFi
D:6 3 runed translucent doors, CraigOfTheCreek's ghost, amateur GnBe; CraigOfTheCreek's ghost, novice GnBe; IdlyInterested's ghost, novice DsGl


Innate Abilities, Weirdness & Mutations

((You are very nimble when in or above water. (Stealth+, EV+, Speed+++)))
Your lower body shifts to a powerful aquatic tail in water.


Message History

You hit the acid dragon.
The acid dragon is moderately wounded.
The acid dragon barely misses you. You block the acid dragon's attack.
You hit the acid dragon but do no damage.
The acid dragon is lightly wounded.
The acid dragon bites you. You block the acid dragon's attack.
You hit the acid dragon but do no damage.
The acid dragon is lightly wounded.
The acid dragon spits acid at you. The splash of acid hits you!!
The acid corrodes you!
You barely miss the acid dragon.
The acid dragon is lightly wounded.
You closely miss the acid dragon.
The acid dragon is lightly wounded.
The acid dragon bites you!
* * * LOW HITPOINT WARNING * * *
The acid dragon claws you.
* * * LOW HITPOINT WARNING * * *
Throw: 4 javelins
Press: ? - help, Q - select action, (/) - cycle Shift-Dir - straight line, f - acid dragon
Aim: an acid dragon (lightly wounded, catching its breath, 65% to hit)
You throw a javelin.
The javelin pierces through the acid dragon!
The acid dragon is heavily wounded.
The acid dragon bites you!
* * * LOW HITPOINT WARNING * * *
The acid dragon misses you.
You gain the combat prowess of a mighty hero.
The acid dragon bites you.
* * * LOW HITPOINT WARNING * * *
The acid dragon misses you.
Throw: 3 javelins
Press: ? - help, Q - select action, (/) - cycle Shift-Dir - straight line, f/p - acid dragon
Aim: an acid dragon (heavily wounded, catching its breath, 69% to hit)
You throw a javelin.
The javelin pierces through the acid dragon but does no damage.
The acid dragon is heavily wounded.
You block the acid dragon's attack. The acid dragon completely misses you.
The acid dragon bites you!
You die...

#.# #.# #... #.# #.# #.## #.# #.#
#.## ##.# #.# #.## ####..###
#.###.## #>......# ###.......
#.##.##.# #.........
##....##)####.....#..#
#....@##......D....>..
############.....D.......#####..#
..................(>.....# ##.##
.############....######### #.##
.# #....# ####..## .# ...#....
#......# .# .#....... #.##.#.. .#
##..##.#### # #.#.. .# #.# ##
......D


You could see an acid dragon.

Vanquished Creatures
  2 vault guards (Bailey)
  2 two-headed ogres (D:9)
  A kobold demonologist (D:9)
  A queen bee (D:9)
  Prince Ribbit (Bailey)
  4 yaks (D:7)
  5 humans (Bailey)
  A steam dragon (D:9)
  2 vampire mosquitoes (D:10)
  A water moccasin (D:9)
  2 orc warriors (D:7)
  An ice beast (D:5)
  A black bear (D:4)
  2 centaurs
  2 kobold brigands
  An elf zombie (D:7)
  11 bullfrogs (Bailey)
  A necrophage (D:6)
  2 gnoll sergeants
  3 scorpions
  An elf skeleton (D:7)
  9 wights
  26 killer bees
  A human zombie (D:7)
  2 hounds (D:5)
  A gnoll bouda (D:4)
  4 orc priests
  5 jellies
  A human skeleton (D:7)
  4 iguanas
  2 orc wizards
  Robin (D:3)
  4 adders
  14 gnolls
  3 shadow imps
  A white imp (D:6)
  A worm (D:4)
  24 orcs
  6 ball pythons
  7 bats
  6 endoplasms
  3 giant cockroaches
  23 goblins
  9 hobgoblins
  3 jackals (D:4)
  3 quokkas
  8 kobolds
  An orc skeleton (D:7)
  An orc zombie (D:7)
  4 rats (D:2)
224 creatures vanquished.

Notes
Turn   | Place    | Note
-------+----------+-------------------------------------------
     0 | D:1      | greasedhog the Merfolk Fighter began the quest for the Orb.
     0 | D:1      | Reached XP level 1. HP: 18/18 MP: 1/1
     0 | D:1      | Noticed a jelly
     1 | D:1      | Found a runed translucent door.
   811 | D:1      | Reached skill level 1 in Dodging
   811 | D:1      | Reached XP level 2. HP: 24/24 MP: 2/2
   841 | D:2      | Reached skill level 3 in Long Blades
  1034 | D:2      | Reached XP level 3. HP: 30/30 MP: 3/3
  1524 | D:2      | Found Milewkau's Assorted Antiques.
  1684 | D:3      | Found a bloodstained altar of Trog.
  1685 | D:3      | Found an iron altar of Okawaru.
  1703 | D:3      | Became a worshipper of Warmaster Okawaru
  1748 | D:3      | Reached XP level 4. HP: 37/37 MP: 4/4
  1982 | D:3      | Found a runed translucent gate.
  1982 | D:3      | Found a runed translucent gate.
  1983 | D:3      | Found a runed translucent gate.
  1985 | D:3      | Noticed greasedhog's ghost (amateur AtFi)
  2153 | D:3      | Noticed Robin
  2172 | D:3      | Reached XP level 5. HP: 41/42 MP: 5/5
  2198 | D:3      | Killed Robin
  2199 | D:3      | Reached skill level 4 in Long Blades
  2590 | D:4      | Reached skill level 1 in Invocations
  2719 | D:4      | Found a basalt altar of Yredelemnul.
  2724 | D:4      | Found a shimmering blue altar of Sif Muna.
  2731 | D:4      | Found an ornate altar of the Wu Jian Council.
  2914 | D:4      | Found Apterr's Antique Weapon Shoppe.
  2917 | D:4      | Bought a runed falchion for 150 gold pieces
  2976 | D:4      | Noticed a +0 falchion
  2976 | D:4      | Noticed a +0 short sword
  2977 | D:4      | Noticed a +0 spear
  2977 | D:4      | Noticed a +0 short sword
  2977 | D:4      | Noticed a +0 spear
  2977 | D:4      | Noticed a +0 falchion
  2977 | D:4      | Noticed a +0 dagger
  2978 | D:4      | Noticed a +0 dagger
  2983 | D:4      | Found a hide-covered altar of Uskayaw.
  3059 | D:5      | Entered Level 5 of the Dungeon
  3071 | D:4      | Reached XP level 6. HP: 46/50 MP: 7/7
  3072 | D:4      | Reached * piety under Okawaru
  3201 | D:4      | Reached skill level 5 in Fighting
  3232 | D:5      | Noticed an ice beast
  3284 | D:5      | Killed an ice beast
  3285 | D:5      | Reached skill level 5 in Long Blades
  3285 | D:5      | Reached skill level 5 in Dodging
  3285 | D:5      | Reached XP level 7. HP: 29/56 MP: 8/8
  3395 | D:4      | Reached ** piety under Okawaru
  3557 | D:5      | Found an ancient bone altar of Kikubaaqudgha.
  3633 | D:5      | Reached skill level 6 in Long Blades
  3863 | D:6      | Reached XP level 8. HP: 62/62 MP: 10/10
  3872 | D:6      | Found a staircase to the Ecumenical Temple.
  3963 | D:6      | Found an opulent altar of Gozag.
  4178 | D:6      | Reached skill level 7 in Long Blades
  4302 | D:6      | Found a runed translucent gate.
  4302 | D:6      | Found a runed translucent gate.
  4302 | D:6      | Found a runed translucent gate.
  4303 | D:6      | Noticed CraigOfTheCreek's ghost (novice GnBe)
  4303 | D:6      | Noticed CraigOfTheCreek's ghost (amateur GnBe)
  4304 | D:6      | Noticed IdlyInterested's ghost (novice DsGl)
  4908 | D:7      | Found a flagged portal.
  4919 | Bailey   | Entered a bailey
  4967 | Bailey   | Reached *** piety under Okawaru
  4971 | Bailey   | Reached skill level 8 in Long Blades
  5034 | Bailey   | Reached XP level 9. HP: 60/68 MP: 12/12
  5107 | Bailey   | Reached skill level 5 in Invocations
  5140 | Bailey   | Reached skill level 9 in Long Blades
  5186 | Bailey   | Reached **** piety under Okawaru
  5187 | Bailey   | Reached skill level 10 in Dodging
  5273 | Bailey   | Noticed Prince Ribbit
  5298 | Bailey   | Noticed a vault guard
  5307 | Bailey   | Killed Prince Ribbit
  5356 | Bailey   | Killed a vault guard
  5357 | Bailey   | Reached skill level 10 in Long Blades
  5357 | Bailey   | Reached XP level 10. HP: 45/74 MP: 14/14
  5391 | Bailey   | Noticed a vault guard
  5456 | Bailey   | Killed a vault guard
  5456 | Bailey   | Reached ***** piety under Okawaru
  5457 | Bailey   | Reached skill level 11 in Long Blades
  6214 | D:7      | Found a sacrificial altar of Ru.
  6388 | D:7      | Identified the +7 great sword of Yeast {spect, Str+4}
                  | (Okawaru gifted it to you on level 7 of the Dungeon)
  6388 | D:7      | Received a gift from Okawaru
  6724 | D:8      | Found a staircase to the Lair.
  6783 | D:8      | Found a shimmering altar of Xom.
  6941 | D:9      | Identified the +7 spear of Turmoil {heavy, SInv}
  7036 | D:9      | Reached skill level 12 in Long Blades
  7057 | D:9      | Noticed a two-headed ogre
  7085 | D:9      | Killed a two-headed ogre
  7086 | D:9      | Reached XP level 11. HP: 54/84 MP: 8/16
  7298 | D:9      | Noticed a two-headed ogre
  7307 | D:9      | Killed a two-headed ogre
  7755 | D:9      | Reached skill level 13 in Long Blades
  7802 | D:10     | Entered Level 10 of the Dungeon
  7977 | D:10     | Slain by an acid dragon

Illustrated notes

Levels and vault maps discovered:
D:1:      dpeg_arrival_caged_fury, layout_loops_corners,
          hangedman_decor_peaks_small, serial_bayou_lagoon_b
D:2:      layout_loops_ring, serial_shops, nicolae_shop_trees,
          minmay_pentomino_z4
D:3:      cheibrodos_pilgrimage, layout_loops_corners,
          grunt_temple_overflow_bloody_war, gammafunk_ghost_necromancy,
          uniq_robin
D:4:      layout_rooms, nicolae_uskayaw_en_pointe,
          minmay_overflow_temple_star_quad, serial_shops, kennysheep_mini_moat
D:5:      layout_rooms, mainiacjoe_overflow_alcove_1
D:6:      layout_loops_ring, nicolae_gozag_seed_capital, temple_green,
          serial_glass, glass_columns_a, glass_columns_a,
          gammafunk_ghost_cemetery
D:7:      layout_loops_corners, mainiacjoe_overflow_catwalk,
          nicolae_ossuary_entry_catacombs, enter_bailey_2,
          kennysheep_small_square
D:8:      layout_rooms, dk_xom_monty_hall, lair_entry_dummy
D:9:      layout_basic, minivault_7
D:10:     layout_loops_ring, nicolae_qazlal_style_of_elements,
          nemelex_xobeh_ov_fountains_minmay, chei_slow_surprise,
          minmay_misc_feat_iff, nicolae_wwwww

Skill      XL: |  1  2  3  4  5  6  7  8  9 10 11 |
---------------+----------------------------------+-----
Dodging        | 1 2 3 4 5 6 8 11 | 11.6
Long Blades    | 3 4 5 6 8 10 12 13 | 13.1
Fighting       | 4 5 7 8 |  8.6
Invocations    | 1 2 3 4 6 7 8 |  8.2
Armour         | |  2.1
Shields        | |  3.0

Action                   |  1- 3 |  4- 6 |  7- 9 | 10-12 || total
-------------------------+-------+-------+-------+-------++-------
Melee: Long sword        |   107 |   196 |    56 |       ||   359
       Short sword       |       |       |   277 |   222 ||   499
       Falchion          |       |       |    59 |   218 ||   277
       Tailslap          |       |       |    31 |     4 ||    35
       Great sword       |       |       |       |    27 ||    27
Throw: Javelin           |       |    10 |     6 |     7 ||    23
Invok: Heroism           |       |       |       |     3 ||     3
       Finesse           |       |       |       |     1 ||     1
Evoke: Wand              |       |       |     2 |     6 ||     8
  Use: Scroll            |     3 |     3 |     4 |     1 ||    11
       Potion            |       |     1 |       |     1 ||     2
 Stab: Distracted        |       |       |     1 |       ||     1
Armor: Scale mail        |    21 |       |       |       ||    21
       Ring mail         |    32 |   104 |    81 |    74 ||   291
Dodge: Dodged            |    75 |   145 |   228 |   291 ||   739
Block: Buckler           |    24 |    75 |    77 |    78 ||   254

Table legend: (Time is in decaauts)
 A = Elapsed time spent in this place.
 B = Non-inter-level travel time spent in this place.
 C = Inter-level travel time spent in this place.
 D = Time resting spent in this place.
 E = Time spent auto-exploring this place.
 F = Levels seen in this place.
 G = Mean time per level.
                   A        B        C        D        E       F      G
               +--------+--------+--------+--------+--------+-----+--------+
         Total |   7796 |   7489 |    307 |    377 |   4829 |  11 |  708.7 |
       Dungeon |   7254 |   6947 |    307 |    317 |   4691 |  10 |  725.4 |
        Bailey |    541 |    541 |      0 |     60 |    138 |   1 |  541.0 |
               +--------+--------+--------+--------+--------+-----+--------+

Top non-repeatable levels by time:
     D:7: 1046 daAuts
     D:3: 1019 daAuts
     D:4: 848 daAuts
     D:1: 809 daAuts
     D:9: 800 daAuts
     D:2: 799 daAuts
     D:6: 790 daAuts
  Bailey: 541 daAuts
     D:8: 496 daAuts
     D:5: 480 daAuts
    D:10: 163 daAuts
